 Dungeon Crawl Stone Soup version 0.30-a0-600-gb7c8574cbb (webtiles) character file.

Game seed: 13208009938095610758

367 M4edhros the Shield-Bearer (level 6, -1/44 HPs)
             Began as an Octopode Fighter on Jan 7, 2023.
             Slain by a centaur (6 damage)
             ... on level 6 of the Dungeon.
             The game lasted 00:02:10 (990 turns).

M4edhros the Shield-Bearer (Octopode Fighter)        Turns: 990, Time: 00:02:11

Health: -1/44      AC:  1    Str: 19    XL:     6   Next: 69%
Magic:  6/6        EV: 13    Int: 10    God:
Gold:   56         SH:  7    Dex: 14    Spells: 5/5 levels left

rFire   . . .      SeeInvis .    a - +0 trident
rCold   . . .      Faith    .    c - -2 kite shield "Ixkaema" {Will++ Str+4}
rNeg    . . .      Spirit   .    (helmet restricted)
rPois   .          Reflect  .    (no amulet)
rElec   .          Harm     .    (no ring)
rCorr   .          Rampage  .    (no ring)
Will    ++...                    (no ring)
Stlth   ++                       (no ring)
HPRegen 0.27/turn                (no ring)
MPRegen 0.10/turn                (no ring)
                                 (no ring)
                                 (no ring)

@: no status effects
A: almost no armour, amphibious, 8 rings, camouflage 1, gelatinous body 1,
(nimble swimmer 1), tentacles
a: no special abilities


You were on level 6 of the Dungeon.
You visited 1 branch of the dungeon, and saw 5 of its levels.

You collected 56 gold pieces.

Inventory:

Hand Weapons
 a - a +0 trident (weapon)
Armour
 b - a +0 buckler
 c - the -2 kite shield "Ixkaema" (worn) {Will++ Str+4}
   (You found it on level 6 of the Dungeon)

   Str:       It affects your strength (+4).
   Will:      It greatly increases your willpower.
Scrolls
 g - a scroll of amnesia
Potions
 d - a potion of mutation {unknown}
 h - a potion of degeneration {unknown}
 i - a potion of heal wounds {unknown}


   Skills:
 + Level 4.4 Fighting
 + Level 3.7 Polearms
 + Level 4.4 Dodging
 + Level 4.4 Shields


You had 5 spell levels left.
You didn't know any spells.
Your spell library was empty.

Dungeon Overview and Level Annotations

Branches:
Dungeon (7/15)
 Temple: D:4-7

Altars:

Shops:
D:7 =


Innate Abilities, Weirdness & Mutations

You cannot wear most types of armour.
You are amphibious.
You can wear up to eight rings at the same time.
Your skin changes colour to match your surroundings (Stealth+).
Your rubbery body absorbs attacks. (AC +1, EV +1)
((You are camouflaged when in or above water. (Stealth+)))
You have tentacles for arms and can constrict up to eight enemies at once.


Message History

You feel stronger.
Key pressed, stopping explore.
No target in view!
There is an escape hatch in the ceiling here.
A centaur comes into view.
The centaur shouts!
The centaur wields a +0 shortbow.
The centaur shoots an arrow.
The arrow barely misses you.
The centaur shoots an arrow.
The arrow hits you.
A centaur is nearby!
The centaur shoots an arrow.
The arrow hits you!
A centaur is nearby!
The centaur shoots an arrow.
The arrow hits you!
The centaur shoots an arrow.
You block the arrow.
A centaur is nearby!
You are too injured to fight recklessly!
You are too injured to fight recklessly!
The centaur unwields a +0 shortbow.
The centaur completely misses you. The centaur barely misses you.
You puncture the centaur!
The centaur is heavily wounded.
You block the centaur's attack. x3; The centaur kicks you.
You barely miss the centaur.
The centaur is heavily wounded.
The centaur hits you. You block the centaur's attack. The centaur hits you.
The centaur closely misses you.
A jelly comes into view.
You hit the centaur but do no damage.
The centaur is heavily wounded.
The centaur barely misses you. You block the centaur's attack.
The centaur hits you.
* * * LOW HITPOINT WARNING * * *
The centaur barely misses you.
You puncture the centaur!
The centaur is almost dead.
The centaur hits you.
* * * LOW HITPOINT WARNING * * *
The centaur kicks you.
* * * LOW HITPOINT WARNING * * *
The centaur hits you.
You die...

#####.#.#.#.###.#
#.# ###..........#
#.#
......#.########.#
###...............#
.........##########
####............
........########
####..#.# .....#@#
###.. #c# #$ #J. #.
####


You could see a centaur and a jelly.

Vanquished Creatures
  A wyvern (D:6)
  Menkaure (D:6)
  A wight (D:7)
  An orc wizard (D:6)
  2 gnolls (D:6)
  An ufetubus (D:6)
  A dart slug (D:1)
  4 orcs (D:6)
  A bat (D:1)
  A hobgoblin (D:1)
  A ball python (D:3)
  2 frilled lizards
17 creatures vanquished.

Notes
Turn   | Place    | Note
-------+----------+-------------------------------------------
     0 | D:1      | M4edhros the Octopode Fighter began the quest for the Orb.
     0 | D:1      | Reached XP level 1. HP: 16/16 MP: 1/1
   377 | D:3      | Reached XP level 2. HP: 21/21 MP: 2/2
   380 | D:3      | Found a faded altar of an unknown god.
   497 | D:3      | You fall into a shaft and drop 3 floors!
   558 | D:6      | Noticed a wyvern
   562 | D:6      | Killed a wyvern
   563 | D:6      | Reached XP level 3. HP: 18/27 MP: 3/3
   563 | D:6      | Reached XP level 4. HP: 22/33 MP: 4/4
   563 | D:6      | Reached XP level 5. HP: 25/37 MP: 5/5
   574 | D:6      | Noticed Menkaure
   580 | D:6      | Killed Menkaure
   581 | D:6      | Reached XP level 6. HP: 19/43 MP: 6/6
   686 | D:7      | Found Goyloy's Jewellery Boutique.
   925 | D:6      | Identified the -2 kite shield "Ixkaema" {Will++ Str+4}
   990 | D:6      | Slain by a centaur

Illustrated notes

Levels and vault maps discovered:
D:1:      roderic_chinese_lattice_arrival, layout_loops_ring, roderic_lattice_a
D:2:      layout_loops_corners
D:3:      layout_loops_ring, hellmonk_ecumenical_altar_crossroads,
          portal_sewer_entry_a, serial_bayou_lagoon_a, grunt_ministairs_5
D:6:      layout_basic, minmay_temple_entry_hall, uniq_blork_the_orc,
          uniq_menkaure, uniq_maggie
D:7:      layout_basic, serial_shops, nicolae_stop_n_shop_1, shop,
          kennysheep_mini, nicolae_stop_n_shop_2, uniq_joseph, uniq_pikel

Skill      XL: |  1  2  3  4  5 |
---------------+----------------+-----
Polearms       | 3 |  3.7
Fighting       | 4 |  4.4
Dodging        | 4 |  4.4
Shields        | 4 |  4.4

Action                   |  1- 3 |  4- 6 || total
-------------------------+-------+-------++-------
Melee: Trident           |    13 |    29 ||    42
       Constrict         |     1 |     5 ||     6
       Tentacles         |     1 |     5 ||     6
  Use: Scroll            |     1 |       ||     1
       Potion            |     1 |     2 ||     3
 Stab: Sleeping          |     2 |       ||     2
Armor: Skin              |       |     1 ||     1
Dodge: Dodged            |    10 |    16 ||    26
Block: Buckler           |     2 |     2 ||     4
       Kite shield       |       |     6 ||     6

Table legend: (Time is in decaauts)
 A = Elapsed time spent in this place.
 B = Non-inter-level travel time spent in this place.
 C = Inter-level travel time spent in this place.
 D = Time resting spent in this place.
 E = Time spent auto-exploring this place.
 F = Levels seen in this place.
 G = Mean time per level.
                   A        B        C        D        E       F      G
               +--------+--------+--------+--------+--------+-----+--------+
         Total |    978 |    931 |     47 |     40 |    685 |   5 |  195.6 |
       Dungeon |    978 |    931 |     47 |     40 |    685 |   5 |  195.6 |
               +--------+--------+--------+--------+--------+-----+--------+

Top non-repeatable levels by time:
     D:6: 435 daAuts
     D:1: 256 daAuts
     D:3: 132 daAuts
     D:2: 109 daAuts
     D:7: 45 daAuts
